 Dungeon Crawl Stone Soup version 0.26-a0-851-g735459dd53 (webtiles) character file.

Game seed: 2172314705859860790

11655 Argons the Covert (level 12, 0/88 HPs)
             Began as a Kobold Hedge Wizard on Jan 1, 2020.
             Was an Elder of Vehumet.
             Killed by divine providence
             ... invoked by a meliai
              (14 damage)
             ... on level 12 of the Dungeon on Nov 21, 2020.
             The game lasted 02:05:00 (21387 turns).

Argons the Covert (Kobold Hedge Wizard)            Turns: 21387, Time: 02:05:00

Health: 0/88       AC: 26    Str:  4    XL:     12   Next: 10%
Magic:  23/23      EV:  3    Int: 25    God:    Vehumet [****..]
Gold:   132        SH:  0    Dex: 13    Spells: 16/26 levels left

rFire    + . .     SeeInvis +   h - +1 short sword (drain)
rCold    . . .     Faith    .   (shield restricted)
rNeg     + + +     Spirit   .   (armour currently unavailable)
rPois    +         Reflect  .   (helmet currently unavailable)
rElec    .         Harm     .   (cloak currently unavailable)
rCorr    .         Rampage  .   (gloves currently unavailable)
MR       .....     NoTele   +   (boots currently unavailable)
Stlth    +++++.....             (no amulet)
HPRegen  0.24/turn              y - ring of see invisible
MPRegen  0.18/turn              O - ring of protection from fire

@: tree-form
A: small
a: Renounce Religion


You were on level 12 of the Dungeon.
You worshipped Vehumet.
Vehumet was greatly pleased with you.
You were a tree.
You visited 3 branches of the dungeon, and saw 14 of its levels.

You collected 917 gold pieces.
You spent 785 gold pieces at shops.

Inventory:

Hand Weapons
 h - a +1 short sword of draining (weapon)
Missiles
 n - 43 poisoned darts (quivered)
Armour
 l - a +1 pair of boots (melded)
 p - a +2 hat (melded)
 t - a +0 pair of gloves (melded)
 w - a +0 cloak (melded)
 A - the +2 pair of boots of Resourcefulness {rElec rC+ rN+ Str-5}
   (You found it on level 7 of the Dungeon)

   It affects your strength (-5).
   It protects you from cold.
   It insulates you from electricity.
   It protects you from negative energy.
 P - +0 steam dragon scales (melded)
Jewellery
 a - a cursed ring of attention {unknown}
 y - a ring of see invisible (left branch)
 B - an uncursed ring of wizardry
 C - an uncursed ring of stealth
 G - an uncursed ring of poison resistance
 H - an uncursed ring of resist corrosion
 O - a ring of protection from fire (right branch)
 Q - the ring "Gewk" {+Blink rC+ MR+++ Dex-4 Stlth-}
   (You found it on level 11 of the Dungeon)

   [ring of attention]

   It affects your dexterity (-4).
   It protects you from cold.
   It affects your resistance to hostile enchantments.
   It lets you blink.
   It makes you less stealthy.
Wands
 j - a wand of digging (10)
 q - a wand of enslavement (10)
 x - a wand of flame (35)
 I - a wand of paralysis (8)
 J - a wand of random effects (22)
 M - a wand of polymorph (7)
Scrolls
 b - 2 scrolls of fear
 d - 3 scrolls of enchant weapon
 f - 3 scrolls of blinking
 g - 3 scrolls of enchant armour
 i - 2 scrolls of teleportation
 k - 5 scrolls of fog
 r - a scroll of identify
 D - 11 scrolls of remove curse
 E - a scroll of amnesia
 F - a scroll of vulnerability
 K - a scroll of torment {unknown}
 L - a scroll of holy word {unknown}
Potions
 c - a potion of cancellation
 e - a potion of flight
 m - 3 potions of mutation
 o - a potion of magic
 s - a potion of heal wounds
 v - 2 potions of curing
 z - a potion of might
 N - 2 potions of attraction


   Skills:
 + Level 8.4 Dodging
 - Level 12.0 Stealth
 + Level 7.7 Spellcasting
 - Level 6.0 Conjurations
 - Level 4.0 Hexes
 - Level 1.0 Summonings
 - Level 1.0 Translocations
 + Level 10.5 Fire Magic
 - Level 4.0 Evocations


You had 16 spell levels left.
You knew the following spells:

 Your Spells              Type           Power        Failure   Level
a - Magic Dart            Conj           ####         1%          1
b - Slow                  Hex            ####....     1%          2
c - Conjure Flame         Conj/Fire      ######..     1%          3
d - Foxfire               Conj/Fire      ####         1%          1
e - Inner Flame           Hex/Fire       #####...     1%          3

Your spell library contained the following spells:

 Spells                   Type           Power        Failure   Level
 Frozen Ramparts          Ice            #.....       5%          3
 Mephitic Cloud           Conj/Pois/Air  ###.....     2%          3
 Confusing Touch          Hex            ####....     3%          3
 Blink                    Tloc           N/A          6%          2
 Call Imp                 Summ           ##......     6%          2
 Gell's Gravitas          Tloc           ##........   12%         3
 Yara's Violent Unravell  Hex/Tmut       ###.......   19%         5
 Petrify                  Tmut/Erth      #.......     52%         4
 Metabolic Englaciation   Hex/Ice        ###.......   58%         5


Dungeon Overview and Level Annotations

Branches:
Dungeon (12/15)            Temple (1/1) D:5             Orc (1/2) D:11
   Lair: D:8-11

Altars:
Ashenzari
Cheibriados
Dithmenos
Elyvilon
Fedhas
Gozag
Hepliaklqana
Kikubaaqudgha
Makhleb
Nemelex Xobeh
Okawaru
Qazlal
Ru
Sif Muna
Trog
Uskayaw
Vehumet
Wu Jian
Xom
Yredelemnul
Zin
The Shining One

Shops:
D:4 ?   D:6 *   D:7 =   D:8 ?   D:9 (

Annotations:
D:8 scroll shop
D:11 Harold, Sonja
Orc:1 Snorg


Message History

The meliai is heavily wounded.
The killer bee stings you but does no damage.
The meliai hits you with a +0 war axe.
* * * LOW HITPOINT WARNING * * *
The meliai stings you but does no damage.
The killer bee stings you but does no damage.
The meliai hits you with a +0 war axe.
* * * LOW HITPOINT WARNING * * *
The meliai stings you but does no damage.
The killer bee stings you but does no damage.
You cannot teleport because you are held in place by your roots.
You closely miss the meliai.
The meliai is heavily wounded.
The killer bee stings you but does no damage.
The meliai hits you with a +0 war axe.
* * * LOW HITPOINT WARNING * * *
The meliai stings you but does no damage.
The meliai calls down the wrath of its god upon you.
Something smites you!
You die...

..#.........#########........#...
#########'###...#............#...
......#.........#................
......'.........#................
......#.........#................
###############'#####'######.####
.# .................#....#.....
.# ...........yy....'....#.....
.# ...........♣y....#....#.....
.#####.......###########/..######
.#...#........#........#.y.....
.#...#........#........# .....###
.#...#........#........# ...y.#y
##...########'######...######y.
#.....# #...........#...<.#
'.....# #...........#.....###
#.....# #...........#.....#..


You could see 2 meliai and a killer bee.

Vanquished Creatures
  A great orb of eyes (D:12)
  A two-headed ogre (D:11)
  Psyche (D:8)
  Maggie (D:6)
  A komodo dragon (D:11)
  5 slime creatures (D:12)
  Grinder (D:5)
  2 wraiths
  Sigmund (D:6)
  A shadow (D:12)
  6 yaks
  2 wyverns
  Menkaure (D:6)
  A soldier ant (D:9)
  7 orc warriors
  2 black bears
  6 ogres
  4 phantoms
  2 ice beasts
  4 sky beasts
  An eye of draining (D:9)
  2 centaurs
  A big kobold (D:9)
  7 bullfrogs
  3 gnoll sergeants (D:7)
  A water moccasin zombie (D:8)
  3 scorpions
  A water moccasin skeleton (D:8)
  4 killer bees
  6 wights
  2 howler monkeys
  3 electric eels
  2 bullfrog zombies
  3 centaur zombies
  13 hounds
  Crazy Yiuf (D:3)
  3 gnoll shamans (D:7)
  8 orc wizards
  A centaur skeleton (D:7)
  3 orc priests
  A jelly (D:7)
  Jessica (D:2)
  3 bullfrog skeletons
  4 iguanas
  Natasha (twice) (D:2)
  13 worker ants
  2 hound skeletons
  A howler monkey zombie (D:5)
  18 gnolls
  9 adders
  A shadow imp (D:5)
  A white imp (D:8)
  3 ufetubi
  3 oozes
  An adder zombie (D:5)
  An adder skeleton (D:8)
  2 worms (D:2)
  3 dart slugs
  6 leopard geckos
  34 orcs
  13 giant cockroaches
  11 goblins
  8 hobgoblins
  12 jackals
  10 kobolds
  4 quokkas
  2 ball pythons
  6 bats
  8 frilled lizards
  A quokka skeleton (D:5)
  5 rats
307 creatures vanquished.

Vanquished Creatures (others)
  730 foxfires
  9 plants (D:8)
739 creatures vanquished.

Grand Total: 1046 creatures vanquished

Notes
Turn   | Place    | Note
-------+----------+-------------------------------------------
     0 | D:1      | Argons the Kobold Wizard began the quest for the Orb.
     0 | D:1      | Reached XP level 1. HP: 10/10 MP: 4/4
     2 | D:1      | Upgraded the game from 0.25-a0-346-g140ab784a8 to
                  | 0.26-a0-851-g735459dd53
   231 | D:1      | Reached skill level 3 in Stealth
   529 | D:1      | Reached XP level 2. HP: 15/15 MP: 4/6
   551 | D:1      | Learned a level 2 spell: Slow
  1060 | D:1      | Reached XP level 3. HP: 18/19 MP: 1/7
  2168 | D:2      | Reached XP level 4. HP: 24/24 MP: 6/8
  2512 | D:2      | Noticed Natasha
  2653 | D:2      | Noticed Jessica
  2659 | D:2      | Killed Jessica
  2779 | D:2      | Reached XP level 5. HP: 28/28 MP: 8/10
  2924 | D:2      | Learned a level 3 spell: Conjure Flame
  2939 | D:2      | Killed Natasha
  3092 | D:2      | Noticed Natasha
  3102 | D:2      | Killed Natasha
  3846 | D:3      | Reached XP level 6. HP: 32/32 MP: 10/12
  4183 | D:3      | Noticed a necrophage
  4322 | D:2      | Reached skill level 5 in Conjurations
  4379 | D:2      | Reached skill level 1 in Fire Magic
  4790 | D:3      | Found a runed translucent door.
  4791 | D:3      | Noticed Crazy Yiuf
  4834 | D:4      | Found a radiant altar of Vehumet.
  4862 | D:4      | Became a worshipper of Vehumet
  5169 | D:4      | Found Reddy's Magic Scroll Boutique.
  5175 | D:4      | Bought a scroll of fear for 35 gold pieces
  5175 | D:4      | Bought a scroll of enchant weapon for 75 gold pieces
  5175 | D:4      | Bought a scroll of blinking for 75 gold pieces
  5282 | D:4      | Noticed an ogre
  5293 | D:5      | Entered Level 5 of the Dungeon
  5447 | D:5      | Noticed a phantom
  5466 | D:5      | Noticed an orc warrior
  5709 | D:5      | Found a shadowy altar of Dithmenos.
  5851 | D:4      | Noticed an ogre
  5878 | D:4      | Killed an ogre
  5879 | D:4      | Reached XP level 7. HP: 36/36 MP: 10/13
  6675 | D:5      | Reached skill level 5 in Spellcasting
  7109 | D:5      | Found a staircase to the Ecumenical Temple.
  7118 | D:5      | Reached * piety under Vehumet
  7118 | D:5      | Offered knowledge of Sandblast by Vehumet.
  7233 | D:5      | Noticed Grinder
  7338 | D:6      | Noticed Maggie
  7444 | D:6      | Reached skill level 4 in Stealth
  7578 | D:6      | Found an opulent altar of Gozag.
  7580 | D:6      | Noticed Menkaure
  7634 | D:6      | Reached XP level 8. HP: 41/41 MP: 5/15
  7778 | D:6      | Killed Menkaure
  7779 | D:6      | Reached skill level 5 in Stealth
  7779 | D:6      | Reached skill level 5 in Fire Magic
  7920 | D:6      | Found Gozag's Platinum Reserve.
  8071 | D:6      | Noticed Sigmund
  8150 | D:7      | Reached skill level 6 in Stealth
  8492 | D:7      | Reached skill level 7 in Stealth
  8624 | D:7      | Reached XP level 9. HP: 43/45 MP: 8/16
  8952 | D:5      | Reached skill level 8 in Stealth
  9208 | D:3      | Killed Crazy Yiuf
  9486 | Temple   | Entered the Ecumenical Temple
  9966 | D:7      | Found Eliaxa's Jewellery Emporium.
  9976 | D:7      | Reached skill level 1 in Evocations
 10095 | D:7      | Bought an uncursed ring of see invisible for 225 gold
                  | pieces
 10142 | D:7      | Reached ** piety under Vehumet
 10142 | D:7      | Offered knowledge of Foxfire by Vehumet.
 10145 | D:7      | Learned a level 1 spell: Foxfire
 10308 | D:7      | Got a pair of fine boots
 10550 | D:7      | Found a white marble altar of Elyvilon.
 10677 | D:7      | Reached skill level 5 in Dodging
 11101 | D:6      | Killed Sigmund
 11172 | D:5      | Killed Grinder
 11173 | D:5      | Reached skill level 9 in Stealth
 11745 | D:6      | Reached XP level 10. HP: 35/50 MP: 2/19
 12156 | D:8      | Noticed Psyche
 12246 | D:7      | Identified the +2 pair of boots of Resourcefulness {rElec
                  | rC+ rN+ Str-5} (You found it on level 7 of the Dungeon)
 12246 | D:7      | Lost strength.
 12443 | D:8      | Noticed an angel
 12444 | D:8      | Found a shimmering altar of Xom.
 12447 | D:8      | Found a glowing silver altar of Zin.
 12463 | D:8      | Offered knowledge of Inner Flame by Vehumet.
 12519 | D:8      | Learned a level 3 spell: Inner Flame
 12544 | D:8      | Reached skill level 10 in Stealth
 12608 | D:8      | Found Xaphofur's Magic Scroll Shoppe.
 12642 | D:8      | Reached skill level 1 in Hexes
 13027 | D:8      | Found a glowing golden altar of the Shining One.
 13056 | D:8      | Killed Psyche
 13223 | D:8      | Reached *** piety under Vehumet
 14046 | D:8      | Found a sacrificial altar of Ru.
 14049 | D:8      | Found an ornate altar of the Wu Jian Council.
 14052 | D:8      | Found a blossoming altar of Fedhas.
 14318 | D:9      | Found Widemoff's Weapon Boutique.
 15070 | D:9      | Offered knowledge of Stone Arrow by Vehumet.
 15411 | D:10     | Entered Level 10 of the Dungeon
 15454 | D:10     | You fall into a shaft and drop 2 floors!
 15468 | D:12     | Noticed a boulder beetle
 15469 | D:12     | Noticed a great orb of eyes
 15469 | D:12     | a boulder beetle changed into a great orb of eyes
 15477 | D:12     | Killed a great orb of eyes
 15478 | D:12     | Reached XP level 11. HP: 50/54 MP: 20/20
 15519 | D:11     | Noticed a two-headed ogre
 15592 | D:10     | Noticed a two-headed ogre
 16161 | D:12     | Reached skill level 11 in Stealth
 16789 | D:11     | Reached skill level 10 in Fire Magic
 17278 | D:10     | Reached **** piety under Vehumet
 17887 | D:7      | Bought an uncursed ring of protection from fire for 375
                  | gold pieces
 17963 | D:6      | Killed Maggie
 18240 | D:10     | Offered knowledge of Frozen Ramparts by Vehumet.
 18887 | D:9      | Reached skill level 12 in Stealth
 19183 | D:11     | Killed a two-headed ogre
 20086 | D:11     | Noticed Sonja
 20161 | D:11     | Noticed Harold
 20493 | D:11     | Found a staircase to the Orcish Mines.
 20546 | D:11     | Got a coiled tin ring
 20596 | D:11     | Identified the ring "Gewk" {+Blink rC+ MR+++ Dex-4 Stlth-}
                  | (You found it on level 11 of the Dungeon)
 20598 | Orc:1    | Entered Level 1 of the Orcish Mines
 20598 | Orc:1    | Noticed Snorg
 20725 | D:12     | Reached XP level 12. HP: 32/59 MP: 15/23
 21246 | D:12     | Noticed an unseen horror
 21387 | D:12     | Killed from afar by a meliai

Illustrated notes

Levels and vault maps discovered:
D:1:      dpeg_arrival_rooms_a, layout_basic
D:2:      kb_forest_paths, layout_rooms, minmay_door_square, minmay_nonomino_d4,
          uniq_jessica, uniq_natasha
D:3:      layout_rooms, uniq_crazy_yiuf_cottage
D:4:      layout_basic, fiery_altar_vehumet, serial_shops,
          nicolae_shop_waterfront, minmay_misc_feat_doors, minmay_starry_boxes
D:5:      layout_basic, minmay_temple_entry_sparse_star, basic_altar,
          uniq_grinder
D:6:      layout_loops_ring, nicolae_gozag_zags_fifth_avenue,
          water_boxes_lemuel, uniq_sigmund, uniq_menkaure, uniq_maggie
D:7:      layout_cave_pools, elyvilon_altar_5, serial_shops, shop,
          serial_gnoll_camp, gnoll_camp_huts_basic, gnoll_camp_mini_house,
          gnoll_camp_mini_hut, gnoll_camp_mini_doghouse,
          gnoll_camp_mini_sergeant, grunt_decor_cap
D:8:      wad_statue_garden, layout_loops_ring,
          grunt_temple_overflow_order_and_chaos_1,
          minmay_overflow_temple_star_quad, kennysheep_little_box,
          kennysheep_small_square, uniq_psyche
D:9:      layout_irregular_city, serial_shops, shop, grunt_tough_drop
D:10:     layout_rooms, erik_lair_dragon
D:11:     layout_gridville, uniq_harold, uniq_sonja
D:12:     layout_grid_maze, special_room [special_room_bee]
Temple:   nicolae_temple_god_jail
Orc:1:    layout_caves, uniq_urug, uniq_josephine, uniq_snorg

Skill      XL: |  1  2  3  4  5  6  7  8  9 10 11 |
---------------+----------------------------------+-----
Stealth        | 3 4 7 9 10 12 | 12.0
Conjurations   | 2 3 4 5 6 |  6.0
Spellcasting   | 4 5 6 7 |  7.7
Fire Magic     | 3 4 5 9 10 | 10.5
Dodging        | 6 8 |  8.4
Evocations     | 4 |  4.0
Hexes          | 4 |  4.0
Summonings     | |  1.0
Translocations | |  1.0

Action                   |  1- 3 |  4- 6 |  7- 9 | 10-12 || total
-------------------------+-------+-------+-------+-------++-------
Melee: Short sword       |       |    13 |    46 |    60 ||   119
Throw: Dart              |       |     6 |    13 |     6 ||    25
 Cast: Magic Dart        |   116 |   156 |   285 |   426 ||   983
       Slow              |       |    10 |     4 |    11 ||    25
       Conjure Flame     |       |     1 |     2 |     1 ||     4
       Foxfire           |       |       |    94 |   329 ||   423
Evoke: Wand              |       |       |     5 |     6 ||    11
  Use: Scroll            |       |     7 |     6 |     6 ||    19
       Potion            |       |       |     1 |     3 ||     4
 Stab: Sleeping          |       |     1 |     1 |     3 ||     5
Armor: Robe              |     7 |     8 |    38 |    41 ||    94
       Steam dragon scal |       |       |       |    30 ||    30
       Skin              |       |       |       |    23 ||    23
Dodge: Dodged            |    36 |    32 |   129 |   361 ||   558

Table legend: (Time is in decaauts)
 A = Elapsed time spent in this place.
 B = Non-inter-level travel time spent in this place.
 C = Inter-level travel time spent in this place.
 D = Time resting spent in this place.
 E = Time spent auto-exploring this place.
 F = Levels seen in this place.
 G = Mean time per level.
                   A        B        C        D        E       F      G
               +--------+--------+--------+--------+--------+-----+--------+
         Total |  21449 |  19025 |   2424 |   8338 |    989 |  14 | 1532.1 |
       Dungeon |  21400 |  18988 |   2412 |   8338 |    955 |  12 | 1783.3 |
        Temple |     47 |     35 |     12 |      0 |     34 |   1 |   47.0 |
  Orcish Mines |      1 |      1 |      0 |      0 |      0 |   1 |    1.0 |
               +--------+--------+--------+--------+--------+-----+--------+

Top non-repeatable levels by time:
     D:9: 2725 daAuts
     D:1: 2221 daAuts
     D:7: 2146 daAuts
     D:5: 2019 daAuts
     D:8: 1975 daAuts
     D:6: 1910 daAuts
     D:2: 1869 daAuts
    D:12: 1638 daAuts
    D:11: 1632 daAuts
     D:4: 1531 daAuts
    D:10: 898 daAuts
     D:3: 829 daAuts
  Temple: 47 daAuts
   Orc:1: 1 daAuts
Note: time per level data comes from an upgraded game and may be incomplete.
